 Dungeon Crawl Stone Soup version 0.30-a0-782-ge64f9170bb (webtiles) character file.

Game seed: 15138328405051587718

2409 Dirian the Cleaver (level 9, -4/78 HPs)
             Began as a Minotaur Fighter on Mar 8, 2023.
             Was a Believer of Makhleb.
             Slain by a sky beast (5 damage)
             ... on level 7 of the Dungeon.
             The game lasted 00:10:06 (5300 turns).

Dirian the Cleaver (Minotaur Fighter)               Turns: 5300, Time: 00:10:07

Health: -4/78      AC: 15    Str: 30    XL:     9   Next: 23%
Magic:  8/9        EV:  8    Int:  5    God:    Makhleb [**....]
Gold:   447        SH:  9    Dex: 11    Spells: 8/8 levels left

rFire   + . .      SeeInvis .    a - +0 war axe (protect)
rCold   . . .      Faith    .    i - +0 kite shield
rNeg    . . .      Spirit   .    b - +0 scale mail
rPois   .          Reflect  .    j - +0 hat
rElec   .          Harm     .    (no cloak)
rCorr   .          Rampage  .    (no gloves)
Will    .....                    (no boots) Stlth
                                 (no amulet)
HPRegen 0.33/turn                o - ring of protection from fire
MPRegen 0.11/turn                u - +6 ring of strength

@: under a protective aura
A: horns 2, retaliatory headbutt
a: Renounce Religion, Minor Destruction


You were on level 7 of the Dungeon.
You worshipped Makhleb.
Makhleb was pleased with you.
You visited 1 branch of the dungeon, and saw 7 of its levels.
You also visited: Sewer.

You collected 447 gold pieces.

Inventory:

Hand Weapons
 a - a +0 war axe of protection (weapon)
 v - a +2 heavy flail
Missiles
 f - 2 throwing nets (quivered)
Armour
 b - a +0 scale mail (worn)
 i - a +0 kite shield (worn)
 j - a +0 hat (worn)
 m - a +0 chain mail
Jewellery
 o - a ring of protection from fire (left hand)
 u - a +6 ring of strength (right hand)
 w - the ring of the Firefly {Ice Str+2 Slay+2}
   (You found it on level 6 of the Dungeon)

   [ring of ice]

   It enhances your ice magic.
   Str:       It affects your strength (+2).
   Slay:      It affects your accuracy & damage with ranged weapons and melee
   (+2).
   rF:        It makes you vulnerable to fire.
   rC:        It protects you from cold.
 x - a ring of positive energy
Wands
 C - a wand of flame (7)
Scrolls
 c - a scroll of brand weapon
 g - a scroll of fear
 h - 2 scrolls of amnesia
 l - 4 scrolls of poison
 n - a scroll of vulnerability
 r - a scroll of identify
 s - 3 scrolls of fog
 t - 2 scrolls of teleportation
 y - 2 scrolls of silence
 z - 2 scrolls of blinking
Potions
 d - 2 potions of might
 k - 6 potions of flight
 q - 2 potions of curing
 A - 3 potions of lignification


   Skills:
 + Level 6.8 Fighting
 + Level 10.2 Axes
 + Level 7.9 Armour
 + Level 7.0 Shields
 * Level 1.5 Invocations


You had 8 spell levels left.
You didn't know any spells.
Your spell library contained the following spells:

 Spells                   Type           Power      Damage    Failure   Level
 Necrotise                Necr           0%         1d4       95%         1
 Call Canine Familiar     Summ           0%         N/A       100%        3
 Portal Projectile        Hex/Tloc       0%         N/A       100%        3
 Vampiric Draining        Necr           0%         2d6       100%        3
 Leda's Liquefaction      Hex/Erth       0%         N/A       100%        4
 Agony                    Necr           0%         N/A       100%        5


Dungeon Overview and Level Annotations

Branches:
Dungeon (7/15) Zot: 26955  Temple (0/1) D:7           Sewer (visited)

Altars:
Gozag
Makhleb
Okawaru
Zin


Innate Abilities, Weirdness & Mutations

You have a pair of horns on your head.
You reflexively headbutt those who attack you in melee.


Message History

You miss something.
You hear some strange, mumbled words.
A puff of flame appears from out of thin air!
The puff of flame hits you. You resist.
* * * LOW HITPOINT WARNING * * *
The orc warrior closely misses you. You block something's attack.
You miss something. Your headbutt misses something. You closely miss something.
Something hits you but does no damage. The orc warrior closely misses you.
Something hits you but does no damage.
You slash something! Makhleb accepts your kill.
You feel better.
Reactivating autopickup.
You feel a bit more experienced.
You miss something. You block the orc warrior's attack.
Something hits you but does no damage.
Deactivating autopickup; reactivate with Ctrl-A.
The orc warrior hits you but does no damage.
Something hits you but does no damage.
Items here: )))) [[[ †††.
Found a staircase to the Ecumenical Temple.
The orc warrior hits you but does no damage.
Something hits you but does no damage.
You hit the orc warrior but do no damage.
You miss something. You slash the orc priest!
The orc priest invokes the aid of Beogh against you.
Pain shoots through your body!
* * * LOW HITPOINT WARNING * * *
You block the orc warrior's attack. Something hits you.
* * * LOW HITPOINT WARNING * * *
Something shocks you.
* * * LOW HITPOINT WARNING * * *
You hit the orc warrior but do no damage.
You headbutt the orc warrior!
The orc warrior is moderately wounded.
You hit the orc priest. You hit something.
The orc priest casts a cantrip, but nothing happens.
You block the orc warrior's attack. Something hits you.
* * * LOW HITPOINT WARNING * * *
Something shocks you.
You die...

#..#.######
##.#.......
#.....# ##..#.#
###)).# #
#.....### ...
#.##...)# #....
#.#<#)){#......
#...#..@o......
#####>..o......
###........
##.##.... .#
...> .# ... ##
⌠


You could see an orc warrior and an orc priest.

Vanquished Creatures
  A wyvern (D:5)
  Edmund (D:5)
  A water moccasin (D:6)
  An ice beast (D:3)
  An orc warrior (D:7)
  A black bear (D:5)
  A centaur (D:6)
  2 ogres (D:6)
  3 phantoms
  A bullfrog (D:6)
  A necrophage (D:6)
  4 wights (D:7)
  A vampire bat (D:4)
  A howler monkey (D:6)
  4 hounds
  An orc priest (D:4)
  2 jellies
  7 iguanas
  3 orc wizards
  8 gnolls
  13 adders
  4 river rats (Sewer)
  2 worms
  3 dart slugs
  3 fire bats (D:4)
  11 orcs
  2 spectral bats (D:4)
  14 bats
  3 bat skeletons (D:4)
  A bat zombie (D:4)
  7 endoplasms
  6 giant cockroaches
  7 goblins
  4 hobgoblins
  A jackal (Sewer)
  5 kobolds
  6 quokkas
  7 ball pythons
  A bat simulacrum (D:4)
  8 frilled lizards
  4 rats
157 creatures vanquished.

Vanquished Creatures (others)
  An orc wizard (D:7)
1 creature vanquished.

Grand Total: 158 creatures vanquished

Notes
Turn   | Place    | Note
-------+----------+-------------------------------------------
     0 | D:1      | Dirian the Minotaur Fighter began the quest for the Orb.
     0 | D:1      | Reached XP level 1. HP: 19/19 MP: 0/0
   201 | D:1      | Reached XP level 2. HP: 27/27 MP: 1/1
   717 | D:2      | Reached XP level 3. HP: 30/33 MP: 2/2
   868 | D:2      | Reached skill level 3 in Axes
  1284 | D:3      | Noticed an ice beast
  1294 | D:3      | Killed an ice beast
  1295 | D:3      | Reached skill level 4 in Axes
  1295 | D:3      | Reached XP level 4. HP: 24/41 MP: 3/3
  1295 | D:3      | Reached XP level 5. HP: 27/47 MP: 4/4
  1426 | D:3      | Identified the +1 quarterstaff of the Maze {vamp, Dex+5}
  1431 | D:3      | Noticed a phantom
  1453 | D:3      | Killed a phantom
  1454 | D:3      | Reached skill level 5 in Armour
  1803 | D:3      | Noticed a phantom
  1809 | D:3      | Killed a phantom
  1810 | D:3      | Reached skill level 5 in Axes
  1810 | D:3      | Reached XP level 6. HP: 52/55 MP: 5/5
  2026 | D:4      | Reached skill level 5 in Shields
  2067 | D:4      | Reached skill level 5 in Fighting
  2184 | D:4      | Identified the +2 short sword of the Radish {pain, rN++
                  | Str+3 Int+2}
  2438 | D:4      | Found a burning altar of Makhleb.
  2444 | D:4      | Found a glowing silver altar of Zin.
  2444 | D:4      | Noticed an angel
  2445 | D:4      | Noticed a balrug
  2511 | D:4      | Reached skill level 6 in Axes
  2551 | D:4      | Became a worshipper of Makhleb the Destroyer
  2628 | D:4      | Reached XP level 7. HP: 61/61 MP: 6/6
  2806 | D:5      | Entered Level 5 of the Dungeon
  3014 | D:5      | Found an opulent altar of Gozag.
  3074 | D:5      | Noticed a wyvern
  3082 | D:5      | Killed a wyvern
  3083 | D:5      | Reached skill level 7 in Axes
  3504 | D:5      | Noticed Edmund
  3512 | D:5      | Killed Edmund
  3513 | D:5      | Reached * piety under Makhleb
  3514 | D:5      | Reached XP level 8. HP: 58/69 MP: 7/7
  3760 | D:5      | Reached skill level 8 in Axes
  4017 | D:6      | Found an iron altar of Okawaru.
  4096 | D:6      | Identified the ring of the Firefly {Ice Str+2 Slay+2}
  4124 | D:6      | Reached skill level 9 in Axes
  4231 | D:6      | Found a glowing drain.
  4257 | Sewer    | Entered a sewer
  4377 | Sewer    | Reached ** piety under Makhleb
  4501 | Sewer    | Reached XP level 9. HP: 78/78 MP: 8/8
  5285 | D:7      | Reached skill level 10 in Axes
  5285 | D:7      | Reached skill level 1 in Invocations
  5298 | D:7      | Found a staircase to the Ecumenical Temple.
  5299 | D:7      | HP: 3/78 [something (6)]
  5300 | D:7      | HP: 1/78 [something (3)]
  5300 | D:7      | Slain by a sky beast

Illustrated notes

Levels and vault maps discovered:
D:1:      minmay_arrival_open_corners, layout_rooms, serial_rivers,
          chequers_serial_rivers_large_b, chequers_serial_rivers_room_b,
          chequers_serial_rivers_micro_d, chequers_serial_rivers_room_a,
          chequers_serial_rivers_small_a, minmay_misc_feat_doors,
          serial_bayou_crossing
D:2:      layout_basic, kennysheep_generic_room_15
D:3:      layout_loops_ring, minmay_randomly_rotated_circles
D:4:      layout_loops_cross, grunt_temple_overflow_order_and_chaos_2,
          goddamned_bats
D:5:      layout_basic, grunt_gozag_breadcrumbs, grunt_ministairs_15,
          uniq_edmund
D:6:      layout_cave_pools, mainiacjoe_overflow_24_doors, portal_sewer_entry_d
D:7:      minmay_polygon_palace, layout_basic,
          minmay_temple_entry_drinking_statues

Skill      XL: |  1  2  3  4  5  6  7  8  9 |
---------------+----------------------------+-----
Armour         | 4 5 6 7 |  7.9
Fighting       | 4 5 6 |  6.8
Shields        | 4 5 6 7 |  7.0
Axes           | 4 5 6 7 9 10 | 10.2
Invocations    | 1 |  1.5

Action                     |  1- 3 |  4- 6 |  7- 9 || total
---------------------------+-------+-------+-------++-------
  Melee: War axe           |    69 |   103 |   207 ||   379
         Headbutt          |     8 |    20 |    38 ||    66
    Use: Scroll            |     6 |     1 |     4 ||    11
         Potion            |     4 |     2 |     2 ||     8
 Armour: Scale mail        |    27 |    54 |   132 ||   213
  Dodge: Dodged            |    25 |    41 |    71 ||   137
  Block: Buckler           |     6 |       |       ||     6
         Kite shield       |    28 |    59 |   109 ||   196

Table legend: (Time is in decaauts)
 A = Elapsed time spent in this place.
 B = Non-inter-level travel time spent in this place.
 C = Inter-level travel time spent in this place.
 D = Time resting spent in this place.
 E = Time spent auto-exploring this place.
 F = Levels seen in this place.
 G = Mean time per level.
                   A        B        C        D        E       F      G
               +--------+--------+--------+--------+--------+-----+--------+
         Total |   5614 |   5319 |    295 |      0 |   4025 |   8 |  701.8 |
       Dungeon |   4781 |   4486 |    295 |      0 |   3463 |   7 |  683.0 |
         Sewer |    833 |    833 |      0 |      0 |    561 |   1 |  833.0 |
               +--------+--------+--------+--------+--------+-----+--------+

Top non-repeatable levels by time:
     D:5: 1188 daAuts
     D:4: 913 daAuts
   Sewer: 833 daAuts
     D:3: 777 daAuts
     D:1: 689 daAuts
     D:6: 643 daAuts
     D:2: 525 daAuts
     D:7: 43 daAuts
